 Dungeon Crawl Stone Soup version 0.29-a0-251-g80730f7218 (webtiles) character file.

Game seed: 1376071308693997541

47189 anonymouscript the Brawler (level 14, -2/133 HPs)
             Began as a Troll Berserker on Mar 5, 2022.
             Was a High Priest of Trog.
             Slain by a tentacled starspawn (21 damage)
             ... on level 2 of the Abyss.
             The game lasted 01:32:35 (18091 turns).

anonymouscript the Brawler (Troll Berserker)       Turns: 18091, Time: 01:32:39

Health: -2/133     AC: 14    Str: 28    XL:     14   Next: 7%
Magic:  13/13      EV: 10    Int:  5    God:    Trog [*****.]
Gold:   96         SH:  5    Dex: 17    Spells: 13/13 levels left

rFire   + + .      SeeInvis .   v - +3 giant spiked club
rCold   x . .      Faith    .   (shield currently unavailable)
rNeg    . . .      Spirit   .   O - +0 fire dragon scales
rPois   .          Reflect  +   B - +2 hat
rElec   .          Harm     .   G - +1 cloak {Will+}
rCorr   +          Rampage  .   (gloves unavailable)
Will    ++...                   (boots unavailable)
Stlth   +.........              l - amulet of reflection
HPRegen 1.12/turn               f - +6 ring of dexterity
MPRegen 0.13/turn               A - ring of resist corrosion

@: mighty, on berserk cooldown, slowed, constricted, studying Maces & Flails,
very slow
A: large, unfitting armour, claws 3, regeneration 1, shaggy fur 1, tough skin 1
a: Renounce Religion, Berserk, Trog's Hand, Brothers in Arms


You were on level 2 of the Abyss.
You worshipped Trog.
Trog was extremely pleased with you.
You visited 4 branches of the dungeon, and saw 20 of its levels.
You visited the Abyss 1 time.
You also visited: Gauntlet.

You collected 1262 gold pieces.
You spent 1166 gold pieces at shops.

Inventory:

Hand Weapons
 a - the +9 war axe of Hell's Wrath {vorpal, rC+ Int+5}
   (You found it on level 1 of the Lair of Beasts)

   It inflicts extra damage upon your enemies.
   Int:       It affects your intelligence (+5).
   rC:        It protects you from cold.
 v - a +3 giant spiked club (weapon)
 P - a +3 hand crossbow of freezing
 R - a +3 dagger of chaos
 U - a +0 morningstar of protection
Missiles
 j - 6 throwing nets
 n - 26 poisoned darts
 K - 4 javelins
 N - 10 large rocks
 W - 2 silver javelins
Armour
 o - a +2 robe of cold resistance
 B - a +2 hat (worn)
 G - a +1 cloak of willpower (worn)
 L - the +2 robe of the Cursing Gods {Fly rC+++ Dex-5 Stlth+}
   (You bought it in a shop on level 7 of the Dungeon)

   Dex:       It affects your dexterity (-5).
   rC:        It renders you almost immune to cold.
   Fly:       It grants you flight.
   Stlth:     It makes you more stealthy.
 M - a +2 robe of willpower
 O - +0 fire dragon scales (worn)
Jewellery
 c - a ring of flight
 f - a +6 ring of dexterity (left claw)
 l - an amulet of reflection (around neck)
 x - a ring of protection from fire
 z - a ring of positive energy
 A - a ring of resist corrosion (right claw)
 D - a +6 ring of intelligence
 Z - an amulet of guardian spirit
Wands
 i - a wand of mindburst (34)
 m - a wand of paralysis (7)
 q - a wand of polymorph (11)
 Q - a wand of charming (11)
 V - a wand of flame (49) (quivered)
 Y - a wand of digging (12)
Scrolls
 d - 2 scrolls of teleportation
 e - 2 scrolls of noise {unknown}
 s - 3 scrolls of fog
 t - 9 scrolls of fear
 y - a scroll of magic mapping {unknown}
 H - 2 scrolls of immolation {unknown}
 I - a scroll of torment
Potions
 b - 6 potions of flight
 g - a potion of cancellation {unknown}
 h - 2 potions of might
 k - a potion of invisibility {unknown}
 p - 2 potions of heal wounds
 r - 4 potions of attraction
 w - a potion of lignification {unknown}
 C - a potion of berserk rage {unknown}
 F - 5 potions of curing
 J - a potion of ambrosia {unknown}
 S - a potion of resistance
 T - 2 potions of degeneration {unknown}
 X - 3 potions of mutation
Miscellaneous
 u - a box of beasts


   Skills:
 + Level 7.1 Fighting
 + Level 3.2(5.0) Axes
 + Level 6.6(7.0) Maces & Flails
 + Level 0.4 Crossbows
 + Level 2.1 Throwing
 + Level 10.3 Dodging
 + Level 3.6 Stealth
 + Level 5.1 Shields
 + Level 16.8 Unarmed Combat
 + Level 0.9 Evocations


You had 13 spell levels left.
You didn't know any spells.
Your spell library was empty.

Dungeon Overview and Level Annotations

Branches:
Dungeon (13/15)            Temple (1/1) D:4            Lair (5/6) D:10
 Shoals (0/4) Lair:3       Spider (0/4) Lair:4          Orc (1/2) D:12
Gauntlet (visited)
  Slime: Lair:5-6    Vaults: D:13-14

Altars:
Ashenzari
Cheibriados
Dithmenos
Elyvilon
Fedhas
Gozag
Hepliaklqana
Kikubaaqudgha
Makhleb
Nemelex Xobeh
Okawaru
Ru
Sif Muna
Trog
Uskayaw
Vehumet
Wu Jian
Xom
Yredelemnul
Zin
The Shining One
Beogh

Shops:
D:7 [:   D:9 :==!*   D:11 [

Portals:
Trove: D:12 (give 7 potions of haste)


Innate Abilities, Weirdness & Mutations

You are too large for most types of armour.
You have claws for hands.
Your natural rate of healing is unusually fast.
You are covered in fur. (AC +1)
You have tough skin. (AC +1)


Message History

You enter the shallow water.
Moving in this stuff is going to be slow.
A tentacled starspawn comes into view.
You feel yourself slow down.
You enter the shallow water.
Moving in this stuff is going to be slow.
The tentacled starspawn bites you but does no damage.
The tentacled starspawn tentacle-slaps you.
The starcursed mass shrieks in your mind.
* * * LOW HITPOINT WARNING * * *
The tentacled starspawn completely misses you.
You block the tentacled starspawn's attack.
A starcursed mass splits.
Tentacles burst from the starspawn's body! 2 starspawn tentacles come into view.
A starcursed mass splits. x2
The starspawn tentacle grabs you. The starspawn tentacle constricts you.
The tentacled starspawn bites you!!
* * * LOW HITPOINT WARNING * * *
The tentacled starspawn closely misses you.
The starspawn tentacle constricts you.
* * * LOW HITPOINT WARNING * * *
Saving game... please wait.
Welcome back, anonymouscript the Troll Berserker.
Trog says: Kill them all!
Press ? for a list of commands and other information.
You feel much better.
A starcursed mass splits.
A small abomination comes into view.
A tentacle flies out from the starspawn's body!
The starspawn tentacle constricts you.
A starspawn tentacle comes into view.
Okay, then.
You feel very mighty all of a sudden. The tentacled starspawn bites you!!
* * * LOW HITPOINT WARNING * * *
The tentacled starspawn tentacle-slaps you.
* * * LOW HITPOINT WARNING * * *
A starcursed mass splits.
The starspawn tentacle constricts you. The tentacled starspawn bites you!!
You die...

≈≈#§≈≈#.##.≈..≈# ##≈#
#≈.#≈..#≈≈≈≈≈≈ . ≈≈§≈
≈≈≈≈≈#.≈≈#≈≈. # .
#≈#.>§.≈.#≈≈≈≈≈≈
#..#.....≈♣≈≈X≈X#.≈≈≈≈≈≈
.. .# ##. #..♣≈≈X..≈≈≈≈≈
. #..#§####≈XX≈..≈≈≈≈ .
.#. ♣#..#§≈wXw≈≈##
....... ....#≈≈≈@....#
.. .###.....##..≈≈≈≈x≈≈
.. # ###..###..§≈#.#≈≈.
.# X#.. .#....#...≈ ≈# .
.. .. #####.#.#..≈≈ ..
.## ## #.#......♣... #.#
# .##..... . .#.#
.##......≈ .


You could see 5 starcursed masses, a tentacled starspawn, a small abomination
and 2 starspawn tentacles.

Vanquished Creatures
  Gastronok (Lair:2)
  Kirke (D:12)
  A minotaur (Gauntlet)
  A white draconian (Abyss:2)
  A boulder beetle (D:12)
  Fannar (Lair:1)
  2 hydras
  Harold (D:8)
  A catoblepas (Lair:3)
  6 two-headed ogres
  A centaur warrior (D:10)
  2 thrashing horrors (Abyss:2)
  4 death yaks (Lair:3)
  Sonja (Lair:1)
  Amaemon (Orc:1)
  A soul eater (Gauntlet)
  A necromancer (D:13)
  A lindwurm (Lair:2)
  A deep elf pyromancer (D:13)
  2 cyclopes (D:12)
  A manticore (D:12)
  2 black mambas
  6 elephants (Lair:3)
  Maurice (D:9)
  6 cane toads
  An unseen horror (D:13)
  2 rime drakes (Lair:3)
  7 komodo dragons
  Psyche (D:8)
  4 polar bears (Lair:1)
  5 trolls
  A meliai (Lair:4)
  Grinder (D:4)
  Prince Ribbit (D:7)
  5 slime creatures (D:12)
  10 blink frogs
  A hornet (D:10)
  A dream sheep (Lair:2)
  A centaur simulacrum (D:10)
  3 small abominations (Abyss:2)
  2 shadows
  2 spriggans
  22 yaks
  A wraith (D:10)
  A wyvern (D:10)
  3 hogs
  12 humans (D:13)
  2 steam dragons
  A basilisk (Lair:4)
  4 vampire mosquitoes (D:12)
  A warg (D:12)
  12 water moccasins
  Duvessa (D:4)
  7 orc warriors
  3 black bears
  15 wolves
  5 centaurs
  3 ogres (D:5)
  A phantom (D:4)
  2 kobold brigands
  Blork the orc (D:4)
  A necrophage (D:5)
  2 gnoll sergeants
  8 bullfrogs
  11 wights
  A scorpion (D:4)
  Dowan (D:4)
  15 killer bees
  8 howler monkeys
  3 electric eels
  Crazy Yiuf (D:2)
  2 jellies
  5 orc priests
  4 gnoll shamans
  2 iguanas
  Natasha (thrice) (D:4)
  7 orc wizards
  6 hell rats
  23 gnolls
  6 adders
  3 shadow imps
  A white imp (D:6)
  An ufetubus (D:5)
  5 worms
  A dart slug (D:4)
  25 orcs
  6 endoplasms
  4 giant cockroaches
  3 hobgoblins
  5 jackals
  12 kobolds
  4 quokkas
  7 ball pythons
  7 bats
  7 frilled lizards
  8 goblins
  4 rats
404 creatures vanquished.

Vanquished Creatures (collateral kills)
  3 hydras
3 creatures vanquished.

Vanquished Creatures (others)
  10 fungi
  40 plants
  A starspawn tentacle (Abyss:2)
51 creatures vanquished.

Grand Total: 458 creatures vanquished

Notes
Turn   | Place    | Note
-------+----------+-------------------------------------------
     0 | D:1      | anonymouscript the Troll Berserker began the quest for the
                  | Orb.
     0 | D:1      | Reached XP level 1. HP: 22/22 MP: 0/0
   138 | D:1      | Reached XP level 2. HP: 28/29 MP: 1/1
   246 | D:1      | Found a faded altar of an unknown god.
   493 | D:2      | Reached XP level 3. HP: 32/36 MP: 2/2
   564 | D:2      | Reached ** piety under Trog
   874 | D:2      | Found a runed translucent door.
   875 | D:2      | Noticed Crazy Yiuf
   880 | D:2      | Killed Crazy Yiuf
   881 | D:2      | Reached skill level 4 in Unarmed Combat
   881 | D:2      | Reached XP level 4. HP: 38/45 MP: 3/3
  1436 | D:3      | Reached XP level 5. HP: 53/53 MP: 4/4
  1570 | D:3      | Found a snail-covered altar of Cheibriados.
  1579 | D:3      | Found a hide-covered altar of Uskayaw.
  1664 | D:4      | You fall into a shaft and drop 1 floor!
  1664 | D:5      | Entered Level 5 of the Dungeon
  1686 | D:5      | Noticed an ogre
  1694 | D:5      | Killed an ogre
  1695 | D:5      | Reached skill level 5 in Unarmed Combat
  1723 | D:5      | Noticed an ogre
  1730 | D:5      | Killed an ogre
  1731 | D:5      | Reached XP level 6. HP: 61/61 MP: 5/5
  1765 | D:5      | Reached skill level 6 in Unarmed Combat
  1900 | D:5      | Reached XP level 7. HP: 67/67 MP: 6/6
  1922 | D:4      | Found a staircase to the Ecumenical Temple.
  1966 | Temple   | Entered the Ecumenical Temple
  2223 | D:4      | Noticed Grinder
  2223 | D:4      | Noticed Blork the orc
  2228 | D:4      | Reached skill level 7 in Unarmed Combat
  2231 | D:4      | Reached *** piety under Trog
  2236 | D:4      | Killed Blork the orc
  2247 | D:4      | Killed Grinder
  2301 | D:4      | Noticed Duvessa
  2304 | D:4      | Noticed Dowan
  2320 | D:4      | Killed Duvessa
  2321 | D:4      | Reached skill level 1 in Stealth
  2321 | D:4      | Reached skill level 8 in Unarmed Combat
  2321 | D:4      | Reached XP level 8. HP: 63/75 MP: 7/7
  2327 | D:4      | Found a glowing drain.
  2330 | D:4      | Killed Dowan
  2419 | D:4      | Noticed Natasha
  2425 | D:4      | Killed Natasha
  2458 | D:4      | Found a radiant altar of Vehumet.
  2525 | D:4      | Reached skill level 1 in Shields
  2641 | D:4      | Noticed Natasha
  2646 | D:4      | Killed Natasha
  2684 | D:4      | Noticed Natasha
  2688 | D:4      | Killed Natasha
  3508 | D:6      | Reached **** piety under Trog
  3567 | D:6      | Reached skill level 5 in Dodging
  3681 | D:6      | Reached skill level 9 in Unarmed Combat
  4482 | D:7      | Reached XP level 9. HP: 61/84 MP: 8/8
  4539 | D:7      | Found Xarch's Book Boutique.
  4573 | D:7      | Reached skill level 1 in Throwing
  4670 | D:7      | Noticed Prince Ribbit
  4692 | D:7      | Killed Prince Ribbit
  4784 | D:7      | Noticed a two-headed ogre
  4791 | D:7      | Found an ancient bone altar of Kikubaaqudgha.
  4791 | D:7      | Found a shadowy altar of Dithmenos.
  4807 | D:7      | Reached skill level 10 in Unarmed Combat
  4918 | D:7      | Found Cumm's Antique Armour Boutique.
  4928 | D:7      | Bought an opalescent robe for 125 gold pieces
  4928 | D:7      | Identified the +2 robe of the Cursing Gods {Fly rC+++ Dex-5
                  | Stlth+} (You bought it in a shop on level 7 of the Dungeon)
  4928 | D:7      | Bought an embroidered robe for 81 gold pieces
  5203 | D:8      | Noticed Harold
  5269 | D:7      | Killed a two-headed ogre
  5270 | D:7      | Reached skill level 11 in Unarmed Combat
  5491 | D:7      | Reached XP level 10. HP: 61/91 MP: 9/9
  5612 | D:8      | Noticed Psyche
  5618 | D:8      | Killed Psyche
  5689 | D:8      | Noticed Joseph
  5692 | D:8      | Noticed Joseph
  5692 | D:8      | Joseph changed into Joseph the spriggan
  5711 | D:8      | Killed Joseph the spriggan
  6154 | D:8      | Killed Harold
  6155 | D:8      | Reached skill level 12 in Unarmed Combat
  6265 | D:8      | Found a shimmering blue altar of Sif Muna.
  6578 | D:9      | Found Mettid's Jewellery Boutique.
  6609 | D:9      | Found Qaciyhioqi's Book Shoppe.
  6648 | D:9      | Found Vikiv's Assorted Antiques.
  6687 | D:9      | Found Nigas's Distillery.
  6730 | D:9      | Noticed a two-headed ogre
  6753 | D:9      | Found Yniog's Jewellery Boutique.
  6770 | D:9      | Killed a two-headed ogre
  7032 | D:9      | Reached ***** piety under Trog
  7095 | D:9      | Reached skill level 13 in Unarmed Combat
  7298 | D:9      | Reached XP level 11. HP: 101/101 MP: 10/10
  7402 | D:9      | Noticed Maurice
  7480 | D:10     | Entered Level 10 of the Dungeon
  7741 | D:10     | Noticed a two-headed ogre
  7878 | D:10     | Noticed a two-headed ogre
  7881 | D:10     | Paralysed by a hornet for 1 turns
  7892 | D:10     | Killed a two-headed ogre
  8068 | D:10     | Killed a two-headed ogre
  8165 | D:10     | Noticed a centaur warrior
  8173 | D:10     | Killed a centaur warrior
  8174 | D:10     | Reached skill level 14 in Unarmed Combat
  8371 | D:10     | Found a staircase to the Lair.
  8414 | Lair:1   | Entered Level 1 of the Lair of Beasts
  8622 | Lair:1   | Noticed Sonja
  8625 | Lair:1   | Killed Sonja
  8744 | Lair:1   | Identified the +9 war axe of Hell's Wrath {vorpal, rC+
                  | Int+5}
  8769 | Lair:1   | Noticed Fannar
  8783 | Lair:1   | Killed Fannar
  8784 | Lair:1   | Reached skill level 5 in Fighting
  8893 | Lair:1   | Reached skill level 1 in Axes
  9428 | Lair:2   | Noticed a five-headed hydra
  9431 | Lair:2   | Killed a five-headed hydra
  9432 | Lair:2   | Reached XP level 12. HP: 111/111 MP: 11/11
  9461 | Lair:2   | Noticed a five-headed hydra
  9465 | Lair:2   | Killed a five-headed hydra
  9529 | Lair:2   | Reached skill level 1 in Maces & Flails
  9675 | Lair:2   | Found a gate leading to a gauntlet.
  9686 | Gauntlet | Entered a Gauntlet
  9686 | Gauntlet | Found a transporter.
  9697 | Gauntlet | Found a transporter.
  9697 | Gauntlet | Found a transporter.
  9698 | Gauntlet | Found a transporter.
  9709 | Gauntlet | Found a transporter.
  9709 | Gauntlet | Found a transporter.
  9710 | Gauntlet | Found a transporter.
  9714 | Gauntlet | Found a runed translucent door.
  9714 | Gauntlet | Found a runed translucent door.
  9718 | Gauntlet | Found a transporter.
  9721 | Gauntlet | Found a transporter.
  9722 | Gauntlet | Found a transporter.
  9733 | Gauntlet | Found a transporter.
  9735 | Gauntlet | Found a transporter.
  9736 | Gauntlet | Found a transporter.
  9745 | Gauntlet | Found a transporter.
 10025 | Gauntlet | Noticed a minotaur
 10031 | Gauntlet | Killed a minotaur
 10502 | Lair:2   | Noticed Gastronok
 10511 | Lair:2   | Killed Gastronok
 10666 | Lair:2   | Reached skill level 15 in Unarmed Combat
 11382 | Lair:3   | Found an opulent altar of Gozag.
 11383 | Lair:3   | Noticed a six-headed hydra
 11391 | Lair:3   | Killed a six-headed hydra
 11466 | Lair:3   | Noticed a catoblepas
 11479 | Lair:3   | Killed a catoblepas
 11706 | Lair:3   | Reached XP level 13. HP: 109/120 MP: 12/12
 11792 | Lair:3   | Reached skill level 5 in Shields
 11792 | Lair:3   | Reached skill level 16 in Unarmed Combat
 12404 | Lair:3   | Found a staircase to the Shoals.
 13052 | Lair:4   | Identified the +2 pair of gloves "Ito Vief" {Int+2}
 13522 | Lair:4   | Found a hole to the Spider Nest.
 14799 | D:11     | Found Plog's Antique Armour Shoppe.
 14930 | D:12     | Noticed Kirke
 15194 | D:12     | Reached skill level 10 in Dodging
 15235 | D:12     | Killed Kirke
 16141 | D:9      | Killed Maurice
 16205 | D:7      | Bought a manual of Maces & Flails for 960 gold pieces
 16870 | D:12     | Found a portal to a secret trove of treasure.
 16950 | D:12     | Found a staircase to the Orcish Mines.
 16971 | Orc:1    | Entered Level 1 of the Orcish Mines
 16971 | Orc:1    | Noticed Amaemon
 17040 | Orc:1    | HP: 8/184 [poisoned by Amaemon]
 17041 | Orc:1    | HP: 3/184 [poisoned by Amaemon]
 17042 | Orc:1    | Killed Amaemon
 17465 | D:13     | Reached skill level 5 in Maces & Flails
 17681 | D:13     | Reached XP level 14. HP: 133/133 MP: 13/13
 17879 | D:13     | Cast into level 2 of the Abyss (a wizard)
 17940 | Abyss:2  | Found a corrupted altar of Lugonu.
 18083 | Abyss:2  | Noticed a starcursed mass
 18084 | Abyss:2  | Noticed a tentacled starspawn
 18091 | Abyss:2  | Slain by a tentacled starspawn

Illustrated notes

Levels and vault maps discovered:
D:1:      lemuel_arrival_room, layout_loops_ring,
          shapermc_ecumenical_altar_starsandcircs, lexackson_kobold_supper
D:2:      layout_rooms, minmay_fractal_squares_gapless_5,
          uniq_crazy_yiuf_cottage
D:3:      layout_loops_ring, mainiacjoe_overflow_swirl, minmay_distorted
D:4:      layout_rooms, old_standard_altar, temple_green, portal_sewer_entry_a,
          uniq_natasha, uniq_grinder, uniq_blork_the_orc, uniq_duvessa
D:5:      layout_rooms
D:6:      layout_basic, serial_bayou_lake_a
D:7:      layout_rooms, gammafunk_temple_overflow_wave, serial_shops,
          nicolae_lakefront_shop, nicolae_wooded_promenade, the_hattery,
          uniq_prince_ribbit1
D:8:      layout_basic, kennysheep_mini, nicolae_sif_muna_little_library,
          st_stairs_11, minmay_quadrilaterals, uniq_joseph, uniq_psyche,
          uniq_harold
D:9:      layout_loops_corners, serial_shops, nicolae_shop_window_shopping,
          shop, shop, kennysheep_mini_moat, shop, uniq_maurice
D:10:     layout_small_grid, david_lair_shrubbed, dk_vineyard_3,
          minmay_three_doors
D:11:     layout_loops_cross, serial_shops, shop, chequers_serial_rivers_small_3
D:12:     nicolae_cairo_tiling_very_big, layout_gridville,
          minmay_orc_entry_temple_small, nicolae_trove_entry_columns,
          minmay_misc_feat_enclosed, uniq_kirke
D:13:     layout_roguey, grunt_vaults_entry_tiered
Temple:   regret_index_temple_generic_petals
Lair:1:   layout_hall_layers, cheibrodos_lair_lostbears, uniq_sonja, uniq_fannar
Lair:2:   layout_cave_pods, gauntlet_entry_generic, dreamdust_gnoll_shepherd,
          uniq_gastronok
Lair:3:   layout_long_grid, elwin_shoals_entry_rocks, basic_altar
Lair:4:   layout_cave_shapes, hellmonk_spider_entry_not_the_bees,
          minmay_stone_trees_small, infiniplex_staircase_pool, lemuel_fruit_tree
Lair:5:   layout_long_grid, serial_bayou_lagoon_a, grunt_megastairs_2
Orc:1:    layout_diamond_mine, uniq_erica, uniq_amaemon
Abyss:2:  base: Lair:4, bh_abyss_xom_lugonu_altar, base:
Lair:3

Skill      XL: |  1  2  3  4  5  6  7  8  9 10 11 12 13 14 |
---------------+-------------------------------------------+-----
Fighting       | 3 4 5 6 7 |  7.1
Unarmed Combat | 4 5 6 8 9 11 13 14 15 16 | 16.8
Dodging        | 3 4 5 6 7 8 9 10 | 10.3
Stealth        | 1 2 3 |  3.6
Shields        | 1 2 3 4 5 |  5.1
Throwing       | 1 2 |  2.1
Axes           | 2 3 |  3.2
Maces & Flails | 2 5 6 |  6.6
Crossbows      | |  0.4
Evocations     | |  0.9

Action                   |  1- 3 |  4- 6 |  7- 9 | 10-12 | 13-15 || total
-------------------------+-------+-------+-------+-------+-------++-------
Melee: Unarmed           |    99 |    91 |   255 |   400 |   208 ||  1053
       Punch             |     1 |     1 |    16 |    33 |    32 ||    83
       War axe           |       |       |       |    46 |       ||    46
       Morningstar       |       |       |       |    41 |     5 ||    46
       Giant spiked club |       |       |       |       |   287 ||   287
 Fire: Hand crossbow     |       |       |       |     2 |       ||     2
Throw: Dart              |       |       |     8 |       |       ||     8
       Throwing net      |       |       |       |     1 |       ||     1
Invok: Berserk           |     1 |     2 |     5 |    12 |     7 ||    27
       Brothers in Arms  |       |       |       |     3 |     2 ||     5
Evoke: Wand              |       |       |       |     5 |    15 ||    20
       Box of beasts     |       |       |       |       |     1 ||     1
  Use: Scroll            |       |     5 |     2 |     7 |    11 ||    25
       Potion            |       |       |       |     2 |    14 ||    16
 Stab: Sleeping          |       |     1 |       |     3 |     6 ||    10
       Distracted        |       |       |       |     1 |       ||     1
Armor: Animal skin       |    42 |    40 |    30 |       |       ||   112
       Steam dragon scal |       |       |    14 |   137 |   100 ||   251
       Robe              |       |       |     1 |       |   118 ||   119
       Skin              |       |       |       |       |     1 ||     1
       Fire dragon scale |       |       |       |       |    35 ||    35
Dodge: Dodged            |    68 |    36 |    99 |   232 |   630 ||  1065
Block: Other             |       |     4 |    48 |   109 |   102 ||   263
       Reflection        |       |       |     3 |     1 |     1 ||     5

Table legend: (Time is in decaauts)
 A = Elapsed time spent in this place.
 B = Non-inter-level travel time spent in this place.
 C = Inter-level travel time spent in this place.
 D = Time resting spent in this place.
 E = Time spent auto-exploring this place.
 F = Levels seen in this place.
 G = Mean time per level.
                   A        B        C        D        E       F      G
               +--------+--------+--------+--------+--------+-----+--------+
         Total |  18328 |  16608 |   1720 |   1928 |   8702 |  22 |  833.1 |
       Dungeon |  12092 |  10602 |   1490 |    991 |   6064 |  13 |  930.2 |
        Temple |    248 |    214 |     34 |      0 |    203 |   1 |  248.0 |
          Lair |   5222 |   5027 |    195 |    809 |   2425 |   5 | 1044.4 |
  Orcish Mines |     58 |     58 |      0 |      0 |      0 |   1 |   58.0 |
         Abyss |    233 |    233 |      0 |     92 |      0 |   1 |  233.0 |
      Gauntlet |    472 |    472 |      0 |     35 |     10 |   1 |  472.0 |
               +--------+--------+--------+--------+--------+-----+--------+

Top non-repeatable levels by time:
  Lair:3: 1560 daAuts
  Lair:2: 1499 daAuts
     D:6: 1368 daAuts
     D:7: 1221 daAuts
    D:12: 1215 daAuts
     D:8: 1185 daAuts
    D:10: 1136 daAuts
  Lair:1: 1112 daAuts
     D:9: 1091 daAuts
    D:11: 917 daAuts
  Lair:4: 888 daAuts
     D:4: 782 daAuts
     D:1: 718 daAuts
     D:3: 712 daAuts
     D:5: 692 daAuts
